 Dungeon Crawl Stone Soup version 0.29.1-12-g30fa7ad0bf (webtiles) character file.

Game seed: 9568878075142306997

93 soggyman666 the Chopper (level 4, -3/39 HPs)
             Began as a Minotaur Fighter on Dec 29, 2022.
             Killed from afar by Natasha (9 damage)
             ... with a magic dart
             ... on level 2 of the Dungeon.
             The game lasted 00:01:46 (1273 turns).

soggyman666 the Chopper (Minotaur Fighter)          Turns: 1273, Time: 00:01:46

Health: -3/39      AC:  7    Str: 22    XL:     4   Next: 37%
Magic:  3/3        EV: 10    Int:  5    God:
Gold:   44         SH:  4    Dex: 10    Spells: 3/3 levels left

rFire   . . .      SeeInvis .   a - +0 war axe
rCold   . . .      Faith    .   c - +0 buckler
rNeg    . . .      Spirit   .   e - +2 ring mail {rPois}
rPois   +          Reflect  .   (helmet restricted)
rElec   .          Harm     .   (no cloak)
rCorr   .          Rampage  .   (no gloves)
Will    .....                   (no boots)
Stlth   ..........              (no amulet)
HPRegen 0.13/turn               (no ring)
MPRegen 0.08/turn               (no ring)

@: slowed, very slow
A: horns 2, retaliatory headbutt
a: no special abilities


You were on level 2 of the Dungeon.
You visited 1 branch of the dungeon, and saw 2 of its levels.

You collected 44 gold pieces.

Inventory:

Hand Weapons
 a - a +0 war axe (weapon)
Armour
 c - a +0 buckler (worn)
 e - a +2 ring mail of poison resistance (worn)
Scrolls
 f - 2 scrolls of immolation
 j - a scroll of teleportation {unknown}
Potions
 b - a potion of experience {unknown}
 d - 2 potions of might
 g - a potion of resistance {unknown}
 h - a potion of berserk rage {unknown}
 i - 2 potions of brilliance {unknown}
 k - a potion of curing {unknown}


   Skills:
 - Level 3.6 Fighting
 + Level 5.6 Axes
 - Level 3.6 Armour
 - Level 3.6 Shields


You had 3 spell levels left.
You didn't know any spells.
Your spell library was empty.

Dungeon Overview and Level Annotations

Branches:
Dungeon (2/15)

Altars:

Shops:
D:2 *

Annotations:
D:2 Natasha


Innate Abilities, Weirdness & Mutations

You have a pair of horns on your head.
You reflexively headbutt those who attack you in melee.


Message History

You kill the hobgoblin!
You hit the hobgoblin.
You kill the hobgoblin!
The goblin no longer looks unusually strong.
Robin barely misses you. You furiously retaliate!
You headbutt Robin, but do no damage. Robin hits you but does no damage.
You slash Robin!
You kill Robin!
You hit Natasha. Natasha claws you but does no damage.
Natasha howls an incantation.
Natasha glows brightly for a moment.
Natasha barely misses you.
The hobgoblin hits you but does no damage.
The goblin barely misses you.
You hit Natasha.
Natasha is heavily wounded.
You slash the goblin!
You kill the goblin!
You closely miss the hobgoblin. Natasha barely misses you.
The hobgoblin hits you.
* * * LOW HITPOINT WARNING * * *
You block Natasha's attack.
The hobgoblin hits you but does no damage.
You barely miss Natasha.
Natasha is heavily wounded.
You barely miss the iron imp. You hit the hobgoblin but do no damage.
Natasha barely misses you. The hobgoblin barely misses you.
You furiously retaliate!
You headbutt the hobgoblin!
You kill the hobgoblin!
You block the iron imp's attack. Natasha claws you.
* * * LOW HITPOINT WARNING * * *
You barely miss Natasha.
Natasha is heavily wounded.
You hit the shadow imp. You slash the iron imp!
You block the shadow imp's attack. Natasha claws you but does no damage.
The iron imp spits at you. You block the iron imp's attack.
The shadow imp closely misses you.
Natasha stares at you and mumbles some strange words.
The magic dart hits you!
You die...

#..#.#####.# #.# ....
..#.#.....# #.#### .8..#
#.#.#.....# #....#
......#.#.#.....###....#
.∩.8..#...#.............
#<....#.#..........#####
#8..................#
......55..#.##......#
#.....h@###.###.###.#
##..(.).# #.###.# #.#
#......# #..##.# #.#
#..?...# ##..#.# #.#
#....=.. ##...###.#
##...... ##...##.#
#...... #......#
#....... #####..# #..#


You could see an iron imp (summoned), Natasha and a shadow imp (summoned).

Vanquished Creatures
  Robin (D:2)
  An adder (D:2)
  A gnoll (D:1)
  3 dart slugs
  6 ball pythons (D:1)
  5 endoplasms (D:1)
  3 giant cockroaches (D:1)
  10 goblins
  7 hobgoblins
  3 quokkas (D:1)
  2 bats (D:1)
  A frilled lizard (D:1)
  3 kobolds (D:1)
  3 rats (D:1)
49 creatures vanquished.

Vanquished Creatures (others)
  A fungus (D:1)
  3 plants (D:1)
4 creatures vanquished.

Grand Total: 53 creatures vanquished

Notes
Turn   | Place    | Note
-------+----------+-------------------------------------------
     0 | D:1      | soggyman666 the Minotaur Fighter began the quest for the
                  | Orb.
     0 | D:1      | Reached XP level 1. HP: 19/19 MP: 0/0
    81 | D:1      | Reached skill level 3 in Axes
    98 | D:1      | Found a faded altar of an unknown god.
   109 | D:1      | Reached XP level 2. HP: 26/26 MP: 1/1
   304 | D:1      | Reached skill level 4 in Axes
   364 | D:1      | Reached XP level 3. HP: 26/31 MP: 2/2
  1171 | D:2      | Reached skill level 5 in Axes
  1255 | D:2      | Found Xifal's General Store.
  1256 | D:2      | Noticed Robin
  1262 | D:2      | Reached XP level 4. HP: 37/39 MP: 3/3
  1263 | D:2      | Noticed Natasha
  1270 | D:2      | Killed Robin
  1273 | D:2      | Killed from afar by Natasha

Illustrated notes

Levels and vault maps discovered:
D:1:      eino_arrival_cavern_b, layout_loops_ring,
          dreamdust_ecumenical_altar_grove
D:2:      layout_basic, serial_shops, nicolae_shop_statue_plus,
          nicolae_shop_waterfront, uniq_jessica, uniq_natasha, uniq_robin

Skill      XL: |  1  2  3 |
---------------+----------+-----
Axes           | 3 4 5 |  5.6
Fighting       | |  3.6
Armour         | |  3.6
Shields        | |  3.6

Action                   |  1- 3 |  4- 6 || total
-------------------------+-------+-------++-------
Melee: War axe           |    83 |    10 ||    93
       Headbutt          |     9 |       ||     9
  Use: Scroll            |     1 |       ||     1
Armor: Scale mail        |    14 |       ||    14
       Ring mail         |    24 |     9 ||    33
Dodge: Dodged            |    47 |    16 ||    63
Block: Buckler           |    18 |     4 ||    22
